[Event "Titled Tuesday Blitz July 20 2021"]
[White "Lagunow, Raphael"]
[Black "Kretov, Evgenij"]
[WhiteFideId "24652644"]
[BlackFideId "4167821"]
[WhiteElo "2400"]
[BlackElo "2400"]
[Result "0-1"]
[Round "10"]
[TimeControl "180+1"]
[Date "2021.07.21"]
[WhiteClock "0:00:01"]
[BlackClock "0:00:59"]

1. e4 c5 2. Nf3 Nc6 3. d4 cxd4 4. Nxd4 g6 5. Nc3 Bg7 6. Be3 Nf6 7. Bc4 O-O 8. Bb3 d6 9. f3 Bd7 10. Qd2 Nxd4 11. Bxd4 b5 12. O-O a5 13. a3 Rc8 14. Rad1 Bc6 15. Rfe1 Nd7 16. Bxg7 Kxg7 17. Bd5 Qb6+ 18. Kh1 Nf6 19. Bxc6 Qxc6 20. Rc1 Rc7 21. Ne2 Qb6 22. c3 Rfc8 23. Rcd1 Rc4 24. b3 R4c5 25. Ra1 a4 26. bxa4 bxa4 27. Rab1 Rb5 28. Rb4 Qa5 29. Reb1 Rbc5 30. Qd4 Qa6 31. R1b2 Rc4 32. Rxc4 Rxc4 33. Qd3 Nd7 34. h4 Ne5 35. Qd5 Rc5 36. Qd4 h5 37. f4 Rc4 38. Qd5 Ng4 39. Rb7 Rc5 40. Qd4+ e5 0-1


[Site "https://www.chess.com"]

[Event "Titled Tuesday Blitz July 20 2021"]
[White "Lazavik, Denis"]
[Black "Tin, Jingyao"]
[WhiteFideId "13515110"]
[BlackFideId "5804418"]
[WhiteElo "2436"]
[BlackElo "2374"]
[Result "0-1"]
[Round "10"]
[TimeControl "180+1"]
[Date "2021.07.20"]
[WhiteClock "0:00:07"]
[BlackClock "0:00:10"]

1. d4 Nf6 2. c4 e6 3. Nf3 d5 4. Nc3 c6 5. e3 Nbd7 6. Qc2 Bd6 7. b3 O-O 8. Be2 e5 9. cxd5 cxd5 10. Nb5 Bb8 11. Ba3 e4 12. Nd2 Re8 13. Rc1 Nf8 14. Nc7 Bxc7 15. Qxc7 Qxc7 16. Rxc7 Ne6 17. Rc3 Bd7 18. O-O Rac8 19. Rfc1 Rxc3 20. Rxc3 Rc8 21. Rxc8+ Bxc8 22. f3 exf3 23. gxf3 Bd7 24. Kf2 Bc6 25. Bd6 Nd7 26. Nb1 f6 27. Nc3 Kf7 28. Bd3 g6 29. a4 f5 30. b4 b6 31. b5 Bb7 32. Bc2 f4 33. Bb3 fxe3+ 34. Kxe3 Ng7 35. Kd3 Ke6 36. Bc7 Ne8 37. Bg3 Nd6 38. Ne2 Nc4 39. Nf4+ Kf5 40. Bc2 Kf6 41. Bf2 Nf8 42. Kc3 Nd7 43. Bh4+ Kf7 44. Bb3 Nf6 45. Nd3 Ke6 46. Bg3 Nd7 47. Nf4+ Kf5 48. Nd3 Ke6 49. Bc7 g5 50. Nf2 a6 51. Bc2 axb5 52. axb5 Na3 53. Bd3 h6 54. Ng4 h5 55. Ne3 Nf6 56. Bf5+ Ke7 57. Bd3 Nd7 58. Kb4 Nc4 59. Nf5+ Kf6 60. Ng3 h4 61. Nh5+ Kf7 62. f4 g4 63. f5 Nf6 64. Nf4 g3 65. hxg3 hxg3 66. Ng2 Nh5 67. Be2 Ng7 68. Bg4 Nd2 69. Bxg3 Ne4 70. Be5 Nf6 71. Bf3 Bc8 72. Bxf6 Kxf6 73. Ne3 Bb7 74. Nxd5+ Bxd5 75. Bxd5 Nxf5 76. Kc4 Ne3+ 77. Kb4 Nxd5+ 78. Kc4 Ke6 79. Kd3 Kd6 80. Kc4 Nc7 81. Kb4 Kd5 82. Ka4 Kxd4 83. Kb4 Kd5 84. Ka4 Kc5 0-1


[Site "https://www.chess.com"]

[Event "Titled Tuesday Blitz July 20 2021"]
[White "Leitao, Rafael"]
[Black "De Silva, L M S T"]
[WhiteFideId "2101246"]
[BlackFideId "9953698"]
[WhiteElo "2609"]
[BlackElo "1621"]
[Result "1-0"]
[Round "10"]
[TimeControl "180+1"]
[Date "2021.07.20"]
[WhiteClock "0:01:17"]
[BlackClock "0:00:55"]

1. c4 e5 2. Nc3 Nf6 3. Nf3 Nc6 4. e4 Bc5 5. Nxe5 Nxe5 6. d4 Bb4 7. dxe5 Nxe4 8. Qd3 Nxc3 9. bxc3 Ba5 10. Bf4 O-O 11. Be2 Qe7 12. O-O h6 13. Qg3 Kh8 14. Rad1 Re8 15. Bh5 b6 16. Bg4 Bb7 17. Rxd7 Qf8 18. e6 fxe6 19. Bxh6 Bc8 20. Bxg7+ 1-0


[Site "https://www.chess.com"]

[Event "Titled Tuesday Blitz July 20 2021"]
[White "Leve, Nitai"]
[Black "Komiagina, Maria"]
[WhiteFideId "2006898"]
[BlackFideId "4153987"]
[WhiteElo "2144"]
[BlackElo "2016"]
[Result "1-0"]
[Round "10"]
[TimeControl "180+1"]
[Date "2021.07.21"]
[WhiteClock "0:00:03"]
[BlackClock "0:00:02"]

1. e4 c5 2. Nf3 Nc6 3. d4 cxd4 4. Nxd4 Nf6 5. Nc3 d6 6. Be2 e5 7. Nb3 Be7 8. Bg5 Be6 9. f3 O-O 10. Qd2 a5 11. a4 Rc8 12. Bxf6 Bxf6 13. Nd5 Bg5 14. Qd1 Bxd5 15. exd5 Ne7 16. Bd3 Qb6 17. c4 f5 18. g3 e4 19. Be2 exf3 20. Bxf3 Qe3+ 21. Be2 f4 22. Qd3 Qb6 23. h4 Bf6 24. O-O-O fxg3 25. Rhg1 Be5 26. Kb1 Qb4 27. Nd4 Bxd4 28. Qxd4 Nf5 29. Qe4 Rce8 30. Qc2 Ne3 31. Qd3 Nxd1 32. Rxd1 Qxa4 33. Rg1 Rf2 34. Qxg3 Rf7 35. Bh5 Qd7 36. Bxf7+ Qxf7 37. Qxd6 Qf2 38. Rc1 Qf5+ 39. Ka1 1-0


[Site "https://www.chess.com"]

[Event "Titled Tuesday Blitz July 20 2021"]
[White "Ljukin, Sergei"]
[Black "Efremov, Vladislav"]
[WhiteFideId "14102200"]
[BlackFideId "44159935"]
[WhiteElo "2309"]
[BlackElo "2022"]
[Result "1-0"]
[Round "10"]
[TimeControl "180+1"]
[Date "2021.07.21"]
[WhiteClock "0:01:02"]
[BlackClock "0:00:53"]

1. e4 c5 2. Nf3 e6 3. d4 cxd4 4. Nxd4 Nc6 5. Nc3 Qc7 6. Be3 a6 7. Qd2 Nf6 8. f3 Be7 9. O-O-O b5 10. Nxc6 dxc6 11. g4 h6 12. h4 Bb7 13. Bg2 Nd7 14. f4 O-O-O 15. Qf2 Bb4 16. Rd3 c5 17. e5 c4 18. Bxb7+ Qxb7 19. Rdd1 Bxc3 20. bxc3 b4 21. cxb4 Qxb4 22. Qf3 Nb6 23. Qc6+ 1-0


[Site "https://www.chess.com"]

[Event "Titled Tuesday Blitz July 20 2021"]
[White "Locci, Damiano"]
[Black "Albuquerque Junior,Wellington S."]
[WhiteFideId "819751"]
[BlackFideId "2151480"]
[WhiteElo "2426"]
[BlackElo "2042"]
[Result "1-0"]
[Round "10"]
[TimeControl "180+1"]
[Date "2021.07.21"]
[WhiteClock "0:00:01"]
[BlackClock "0:00:01"]

1. e4 c5 2. Nc3 e6 3. g3 Nc6 4. Bg2 Nge7 5. d3 b6 6. Be3 Bb7 7. Qd2 h5 8. h3 d6 9. Nge2 g6 10. O-O Bg7 11. f4 a6 12. d4 cxd4 13. Nxd4 Qc7 14. Ndb5 axb5 15. Nxb5 Qd7 16. Nxd6+ Kf8 17. Rad1 Kg8 18. f5 exf5 19. exf5 gxf5 20. Qf2 Ba6 21. Nxf7 Qe6 22. Ng5 Qxa2 23. Rfe1 Qxb2 24. Ne6 Bc4 25. Nxg7 Qxg7 26. Bf4 Rf8 27. Qxb6 Bd5 28. Rxd5 1-0


[Site "https://www.chess.com"]

[Event "Titled Tuesday Blitz July 20 2021"]
[White "LuckSlayeer"]
[Black "Altman, Joshua"]
[BlackFideId "426210"]
[WhiteElo "2556"]
[BlackElo "1945"]
[Result "0-1"]
[Round "10"]
[TimeControl "180+1"]
[Date "2021.07.21"]
[WhiteClock "0:00:01"]
[BlackClock "0:00:06"]

1. e4 e6 2. d4 d5 3. Nc3 Nf6 4. Bg5 dxe4 5. Nxe4 Nbd7 6. Nf3 Be7 7. Bxf6 Nxf6 8. Bd3 O-O 9. Qe2 Rb8 10. O-O-O b6 11. Ne5 Bb7 12. Ng5 h6 13. h4 c5 14. dxc5 Qc7 15. Bc4 Bd5 16. Bxd5 Nxd5 17. Ngxf7 Rxf7 18. Nxf7 Kxf7 19. Rhe1 Qf4+ 20. Kb1 Qf6 21. c6 Ba3 22. c4 Nf4 23. Qc2 Bc5 24. g3 Ng6 25. Rd7+ Ne7 26. c7 Rc8 27. f4 Kg8 28. Qe4 Kf7 29. h5 Ke8 30. Rd3 Rxc7 31. g4 Kf7 32. g5 Qf5 33. g6+ Ke8 34. Qxe6 Qxd3+ 35. Ka1 Kd8 36. Qf7 Rd7 0-1


[Site "https://www.chess.com"]

[Event "Titled Tuesday Blitz July 20 2021"]
[White "Madaminov, Mukhiddin"]
[Black "Tologon tegin, Semetei"]
[WhiteFideId "14210703"]
[BlackFideId "13800574"]
[WhiteElo "1747"]
[BlackElo "2224"]
[Result "1-0"]
[Round "10"]
[TimeControl "180+1"]
[Date "2021.07.20"]
[WhiteClock "0:00:11"]
[BlackClock "0:00:04"]

1. e4 c5 2. Nf3 d6 3. Bb5+ Nd7 4. O-O a6 5. Bd3 Ngf6 6. Re1 g6 7. c3 Bg7 8. Bc2 Ne5 9. d4 Nxf3+ 10. Qxf3 cxd4 11. cxd4 O-O 12. Nc3 Bg4 13. Qg3 Be6 14. Be3 Rc8 15. Rac1 b5 16. a3 Qa5 17. Bd2 Qb6 18. Be3 Qb7 19. Bd3 Ng4 20. h3 Nxe3 21. Qxe3 Bc4 22. Bb1 b4 23. axb4 Qxb4 24. Qd2 Rb8 25. Rc2 Bb3 26. Rcc1 Bxd4 27. h4 h5 28. g4 hxg4 29. Qf4 Kg7 30. h5 Rh8 31. Nd5 Bxd5 32. exd5 Rxh5 33. Rxe7 Bf6 34. Rxf7+ Kxf7 35. Rc7+ Kg8 36. Rc8+ Kh7 37. Rc7+ Bg7 38. Bxg6+ Kxg6 39. Qf7+ Kg5 40. Qxg7+ Kh4 41. Qe7+ Rg5 42. Qe3 Rh8 43. Qg3+ Kh5 44. Qh2+ Kg6 45. Qxh8 Qe1+ 46. Kg2 Qe4+ 47. Kh2 Qf4+ 48. Kg1 Re5 49. Rg7+ Kf5 50. Rf7+ Ke4 51. Rxf4+ Kxf4 52. Qf6+ Rf5 53. Qxd6+ 1-0


[Site "https://www.chess.com"]

[Event "Titled Tuesday Blitz July 20 2021"]
[White "Maltsevskaya, Aleksandra"]
[Black "Molina, Roberto Junio Brito"]
[WhiteFideId "24174041"]
[BlackFideId "2109450"]
[WhiteElo "2225"]
[BlackElo "2402"]
[Result "1-0"]
[Round "10"]
[TimeControl "180+1"]
[Date "2021.07.20"]
[WhiteClock "0:00:02"]
[BlackClock "0:00:01"]

1. e4 c5 2. Nf3 e6 3. d4 cxd4 4. Nxd4 Nc6 5. Nc3 Qc7 6. f4 a6 7. Nxc6 Qxc6 8. Bd3 b5 9. Qe2 Bb7 10. Bd2 Nf6 11. a3 Rc8 12. e5 Nd5 13. Ne4 Be7 14. O-O O-O 15. Kh1 f5 16. exf6 Nxf6 17. Ng5 h6 18. Nf3 Bd6 19. Ne5 Qc7 20. Ng6 Rf7 21. Ne5 Rff8 22. Ng4 Rce8 23. Bc3 Nxg4 24. Qxg4 Re7 25. Qg6 Rf5 26. Rae1 Ref7 27. Bxf5 exf5 28. Re8+ Bf8 29. Bb4 Be4 30. Bxf8 Rxf8 31. Rxf8+ Kxf8 32. c3 d6 33. Rd1 d5 34. Qg3 a5 35. Qe3 Qc4 36. Kg1 Kg8 37. h3 b4 38. axb4 axb4 39. cxb4 Qxb4 40. Rd2 Kh7 41. Kh2 Kg6 42. Qg3+ Kh7 43. Qc3 Qb6 44. b4 Qa6 45. Rb2 Qf1 46. Qg3 d4 47. Ra2 Qb5 48. Ra7 Bb7 49. Ra5 Qxb4 50. Rxf5 Qd6 51. Rf7 Qd5 52. Qxg7# 1-0


[Site "https://www.chess.com"]

[Event "Titled Tuesday Blitz July 20 2021"]
[White "Mazi, Leon"]
[Black "Aldokhin, Ivan"]
[WhiteFideId "14600315"]
[BlackFideId "24115720"]
[WhiteElo "2333"]
[BlackElo "2306"]
[Result "0-1"]
[Round "10"]
[TimeControl "180+1"]
[Date "2021.07.21"]
[WhiteClock "0:00:04"]
[BlackClock "0:00:14"]

1. e4 c5 2. Nf3 e6 3. d4 cxd4 4. Nxd4 a6 5. Bd3 Qc7 6. O-O Nf6 7. Nc3 Bd6 8. h3 Nc6 9. Nb3 Bf4 10. Qe2 O-O 11. Nd2 Nd4 12. Qd1 b5 13. Ne2 Nxe2+ 14. Qxe2 Bb7 15. g3 Bxd2 16. Bxd2 d5 17. exd5 Nxd5 18. Kh2 Rac8 19. Rae1 Nf6 20. Bc3 Qc6 21. Rg1 Nd5 22. Bd2 Ne7 23. Bb4 Rfe8 24. Qh5 Ng6 25. Re4 Qd5 26. Qxd5 Bxd5 27. Re3 e5 28. b3 e4 29. Rge1 Ne5 30. Be2 Rxc2 31. Bc3 Nc6 32. a4 b4 33. Ba1 a5 34. Bb5 Rxf2+ 35. Kg1 Rd2 36. Rc1 Re6 0-1


[Site "https://www.chess.com"]

[Event "Titled Tuesday Blitz July 20 2021"]
[White "Mohammad Fahad, Rahman"]
[Black "Luo, Terry"]
[WhiteFideId "10207791"]
[BlackFideId "30931045"]
[WhiteElo "2323"]
[BlackElo "2024"]
[Result "1-0"]
[Round "10"]
[TimeControl "180+1"]
[Date "2021.07.21"]
[WhiteClock "0:00:25"]
[BlackClock "0:00:02"]

1. e4 c5 2. Nf3 d6 3. d4 cxd4 4. Qxd4 Nf6 5. c4 Nc6 6. Qe3 g6 7. h3 Bg7 8. Be2 O-O 9. O-O Nd7 10. Nc3 Nde5 11. b3 Nxf3+ 12. Bxf3 Nd4 13. Bd1 a6 14. Bb2 b5 15. Nd5 Nf3+ 16. Bxf3 Bxb2 17. Rab1 Be5 18. Be2 bxc4 19. Bxc4 e6 20. Nc3 Bb7 21. Ne2 Bg7 22. Rbd1 d5 23. exd5 exd5 24. Nf4 d4 25. Qd2 Qb6 26. Rfe1 Rfe8 27. Nd5 Qd6 28. Qa5 Rxe1+ 29. Rxe1 Bxd5 30. Bxd5 Rd8 31. Bc4 d3 32. Rd1 d2 33. a4 h5 34. g3 h4 35. gxh4 Bd4 36. Qg5 Bf6 37. Qg4 Kg7 38. h5 Qd4 39. hxg6 fxg6 40. Bxa6 Qxg4+ 41. hxg4 Bc3 42. Kf1 Kf6 43. Be2 Bb4 44. Rb1 Rc8 45. Bc4 Ke5 46. Rd1 Kf4 47. Kg2 Re8 48. Bd3 g5 49. Bc2 Kxg4 50. f3+ Kf4 51. Be4 Rc8 52. Kf2 Rc1 53. Ke2 Ke5 54. Rxd2 Bxd2 55. Kxd2 Rh1 56. a5 g4 57. Ba8 1-0


[Site "https://www.chess.com"]

[Event "Titled Tuesday Blitz July 20 2021"]
[White "Moroni, Luca Jr"]
[Black "Khusnutdinov, Rustam"]
[WhiteFideId "865834"]
[BlackFideId "13701703"]
[WhiteElo "2491"]
[BlackElo "2571"]
[Result "1-0"]
[Round "10"]
[TimeControl "180+1"]
[Date "2021.07.20"]
[WhiteClock "0:00:12"]
[BlackClock "0:00:29"]

1. d4 d5 2. c4 e6 3. Nc3 a6 4. cxd5 exd5 5. Nf3 h6 6. Bf4 Nf6 7. e3 Bd6 8. Bxd6 Qxd6 9. Bd3 Bg4 10. h3 Bxf3 11. Qxf3 Nbd7 12. O-O O-O 13. Ne2 Rfe8 14. Ng3 g6 15. Rab1 c6 16. Ne2 Kg7 17. Nc3 a5 18. a3 Re7 19. Qd1 b5 20. a4 b4 21. Ne2 Ne4 22. Qc2 c5 23. Bxe4 Rxe4 24. dxc5 Qxc5 25. Qd2 Nf6 26. Rbc1 Qe7 27. Rfd1 Qe8 28. b3 Kh7 29. Rc7 Re7 30. Rdc1 Rd8 31. Qd4 Ne4 32. Qa7 Rdd7 33. Rxd7 Qxd7 34. Qxd7 Rxd7 35. Rc6 Rd6 36. Rc7 Kg7 37. f3 Nd2 38. Nd4 Kf6 39. Kf2 h5 40. Rc1 Kg5 41. Ke2 Kh4 42. Kxd2 Kg3 43. Rc6 Rd7 44. Ra6 Kxg2 45. h4 Kg3 46. Rxa5 Kxh4 47. Rb5 Kg3 48. Rxb4 g5 49. a5 h4 50. Nf5+ Kxf3 51. Nxh4+ gxh4 52. Rxh4 1-0


[Site "https://www.chess.com"]

[Event "Titled Tuesday Blitz July 20 2021"]
[White "Najdin, Danil"]
[Black "kai_nov"]
[WhiteFideId "4172426"]
[WhiteElo "2193"]
[BlackElo "2321"]
[Result "0-1"]
[Round "10"]
[TimeControl "180+1"]
[Date "2021.07.21"]
[WhiteClock "0:00:13"]
[BlackClock "0:00:16"]

1. e4 c5 2. Nc3 e6 3. g3 d5 4. Bg2 d4 5. Nce2 d3 6. cxd3 Nc6 7. d4 cxd4 8. d3 Nf6 9. a3 e5 10. Bh3 Bd6 11. Bg5 h6 12. Bd2 Bxh3 13. Nxh3 Qd7 14. Nhg1 g5 15. h3 Qe6 16. Kf1 O-O-O 17. Kg2 Kb8 18. Nf3 Rc8 19. b4 Ne7 20. Rc1 Rxc1 21. Nxc1 Rc8 22. Nb3 Nd7 23. Qb1 f5 24. exf5 Nxf5 25. Re1 Qd5 26. Na5 Rf8 27. Qb3 Nh4+ 28. gxh4 Qxf3+ 29. Kg1 Qxf2+ 30. Kh1 Rf3 31. Qg8+ Nf8 0-1


[Site "https://www.chess.com"]

[Event "Titled Tuesday Blitz July 20 2021"]
[White "Narayanan.S.L"]
[Black "Triapishko, Alexandr"]
[WhiteFideId "5058422"]
[BlackFideId "14122286"]
[WhiteElo "2617"]
[BlackElo "2490"]
[Result "1-0"]
[Round "10"]
[TimeControl "180+1"]
[Date "2021.07.20"]
[WhiteClock "0:00:54"]
[BlackClock "0:00:01"]

1. b3 Nf6 2. Bb2 g6 3. g3 Bg7 4. Bg2 O-O 5. Nf3 c5 6. c4 d6 7. O-O e5 8. d3 Nc6 9. Nc3 h6 10. Nd2 Be6 11. Nde4 Ne8 12. Nd5 Bxd5 13. cxd5 Ne7 14. Nc3 f5 15. a3 Rc8 16. b4 c4 17. dxc4 Rxc4 18. Qb3 Rc8 19. Rac1 e4 20. Nb5 Bxb2 21. Qxb2 Rxc1 22. Rxc1 Qb6 23. Nd4 Ng7 24. e3 Rc8 25. h4 Rxc1+ 26. Qxc1 Qd8 27. Bf1 Qc8 28. Qb2 a6 29. a4 g5 30. hxg5 hxg5 31. b5 axb5 32. Nxb5 Ne8 33. Nd4 Ng7 34. Ne2 Kf7 35. a5 Qc7 36. Qb5 Ne8 37. Nd4 Nf6 38. Ne6 Qd7 39. Qxd7 Nxd7 40. Nd8+ Kf6 41. Nxb7 Nc8 42. Bb5 Nc5 43. Nxc5 dxc5 44. Bd7 Na7 45. Kf1 Ke5 46. Ke1 Kxd5 47. Bxf5 c4 48. Kd2 Nb5 49. a6 Ke5 50. Bd7 Na7 51. Kc3 Kd5 52. g4 Kd6 53. Kxc4 Kxd7 54. Kd5 Nc6 55. Kxe4 Ke6 56. f4 gxf4 57. exf4 Kf6 58. g5+ Kg6 59. Ke3 Kf5 60. Kf3 Na7 61. Kg3 Nc6 62. Kh4 Kxf4 63. g6 Ne7 64. a7 1-0


[Site "https://www.chess.com"]

[Event "Titled Tuesday Blitz July 20 2021"]
[White "Nathan, Nitish"]
[Black "Gavilan Diaz, Mario"]
[WhiteFideId "30927870"]
[BlackFideId "2260905"]
[WhiteElo "2260"]
[BlackElo "2262"]
[Result "1-0"]
[Round "10"]
[TimeControl "180+1"]
[Date "2021.07.21"]
[WhiteClock "0:01:50"]
[BlackClock "0:00:13"]

1. d4 Nf6 2. Bf4 c5 3. e3 Qb6 4. b3 e6 5. c3 Bd6 6. Bxd6 Qxd6 7. Nd2 cxd4 8. exd4 Nc6 9. Ngf3 O-O 10. Bd3 Nd5 11. Qc2 f5 12. O-O b6 13. a3 Bb7 14. c4 Nf4 15. d5 exd5 16. cxd5 Nxd3 17. dxc6 Bxc6 18. Nc4 Qd5 19. Rad1 Rfe8 20. Qxd3 Qe6 21. Qd6 Qe4 22. Qd4 Qc2 23. Qd3 Be4 24. Qxc2 Bxc2 25. Rxd7 Bxb3 26. Nd6 Re2 27. Nxf5 Be6 28. Rxg7+ Kf8 29. Rg5 h6 30. Rh5 Rc8 31. N5d4 Re4 32. Rxh6 Bc4 33. Rh8+ Kg7 34. Rxc8 Bxf1 35. Kxf1 Re7 36. Nf5+ 1-0


[Site "https://www.chess.com"]

[Event "Titled Tuesday Blitz July 20 2021"]
[White "Nazaretyan, Tigran"]
[Black "Samsonkin, Artiom"]
[WhiteFideId "24162345"]
[BlackFideId "13503111"]
[WhiteElo "2214"]
[BlackElo "2513"]
[Result "0-1"]
[Round "10"]
[TimeControl "180+1"]
[Date "2021.07.20"]
[WhiteClock "0:00:09"]
[BlackClock "0:00:18"]

1. d4 Nf6 2. c4 e6 3. Nf3 Bb4+ 4. Bd2 Qe7 5. g3 Nc6 6. e3 Bxd2+ 7. Qxd2 e5 8. d5 Nb8 9. Nc3 d6 10. e4 a5 11. a3 O-O 12. Bg2 Na6 13. b4 Bg4 14. Rb1 axb4 15. axb4 c6 16. O-O c5 17. b5 Bxf3 18. bxa6 Bxg2 19. Rxb7 Qd8 20. Kxg2 Rxa6 21. Rfb1 h5 22. h4 Qa8 23. R7b6 Ra3 24. R1b3 Rxb3 25. Rxb3 Qa6 26. Rb5 Ra8 27. Qb2 Kh7 28. f3 Rg8 29. Qb3 g5 30. hxg5 Rxg5 31. Qa4 Qc8 32. Qa7 Qg8 33. Ne2 h4 34. g4 Nxg4 35. fxg4 Rxg4+ 36. Kf3 Rg2 37. Rb2 h3 38. Qd7 Rh2 39. Qg4 Qg6 40. Qxg6+ Kxg6 41. Kg3 Rh1 42. Nc3 f5 43. exf5+ Kxf5 44. Nb5 Rc1 45. Nxd6+ Kf6 46. Rf2+ Ke7 47. Nf5+ Kd7 48. Ne3 Rc3 49. Rf7+ Ke8 50. Rf3 e4 51. Rf4 Rxe3+ 52. Kh2 Ke7 53. Rf5 Kd6 54. Rh5 Rc3 55. Rh6+ Ke5 56. Re6+ Kf4 57. d6 Rxc4 58. d7 Rd4 59. Rf6+ Ke3 60. Rf7 c4 61. Kxh3 c3 62. Kg4 c2 63. d8=Q Rxd8 64. Rc7 Kd2 65. Kf5 c1=Q 66. Rxc1 Kxc1 67. Kxe4 Rd2 68. Ke3 Kd1 69. Ke4 Ke1 70. Ke3 Re2+ 71. Kf3 Kd2 72. Kf4 Kd3 73. Kf3 Re4 74. Kf2 Re3 75. Kg2 Ke4 76. Kf2 Kf4 77. Kg2 Re2+ 78. Kg1 Kf3 79. Kf1 Re3 80. Kg1 Kg3 81. Kf1 Re4 82. Kg1 Re1# 0-1


[Site "https://www.chess.com"]

[Event "Titled Tuesday Blitz July 20 2021"]
[White "Nguyen, Hong Ngoc"]
[Black "Gubajdullin, Alexei"]
[WhiteFideId "12403083"]
[BlackFideId "4141202"]
[WhiteElo "1830"]
[BlackElo "2403"]
[Result "1-0"]
[Round "10"]
[TimeControl "180+1"]
[Date "2021.07.21"]
[WhiteClock "0:00:06"]
[BlackClock "0:00:50"]

1. e4 g6 2. d4 Bg7 3. Nf3 d6 4. c3 Nf6 5. Bd3 O-O 6. Nbd2 Nc6 7. O-O e5 8. Re1 Re8 9. Nf1 exd4 10. cxd4 Bg4 11. d5 Nd4 12. N1d2 Bxf3 13. Nxf3 Nxf3+ 14. Qxf3 Nxd5 15. Bc4 Nf6 16. Bg5 Re5 17. Bf4 Rc5 18. Bb3 Qe7 19. Rad1 Nd7 20. e5 Nxe5 21. Qxb7 Rf8 22. Be3 Ra5 23. Bd2 Rc5 24. Bb4 Rc6 25. Rxe5 Bxe5 26. Qxc6 Qh4 27. Bd2 Qxh2+ 28. Kf1 Bxb2 29. Be3 a5 30. Ke2 Qh5+ 31. Kf1 Qh1+ 32. Ke2 Qh5+ 33. f3 Qh2 34. Kf2 Be5 35. Kf1 Qh1+ 36. Ke2 Qh2 37. Rg1 Bf4 38. Bxf4 Qxg1 39. Bh6 Qxg2+ 40. Kd3 Rb8 41. Bxf7+ Kxf7 42. Qd7+ Kf6 43. Qg7+ Kf5 44. Qf7+ Ke5 45. Bg7# 1-0


[Site "https://www.chess.com"]

[Event "Titled Tuesday Blitz July 20 2021"]
[White "Nguyen, Quoc Hy"]
[Black "Babiy, Olga"]
[WhiteFideId "12410853"]
[BlackFideId "14117258"]
[WhiteElo "1975"]
[BlackElo "2230"]
[Result "0-1"]
[Round "10"]
[TimeControl "180+1"]
[Date "2021.07.21"]
[WhiteClock "0:00:02"]
[BlackClock "0:00:02"]

1. d4 Nf6 2. c4 e6 3. Nc3 Bb4 4. Qc2 O-O 5. Nf3 d5 6. cxd5 exd5 7. Bg5 h6 8. Bh4 c5 9. e3 Nc6 10. Be2 g5 11. Bg3 Ne4 12. dxc5 Bf5 13. Qc1 Qf6 14. a3 Nxc3 15. axb4 Nxe2 16. Kxe2 Nxb4 17. Rd1 a5 18. Be5 Qa6+ 19. Ke1 Nd3+ 20. Rxd3 Qxd3 21. Qc3 Rfc8 22. Qxd3 Bxd3 23. Bd4 a4 24. Ne5 Bf5 25. g4 Be6 26. f3 f6 27. Nd3 Kf7 28. Kd2 Bd7 29. Nb4 Bc6 30. h4 gxh4 31. Rh1 a3 32. bxa3 Rxa3 33. Rxh4 Rb3 34. Nd3 Rh8 35. Rh5 Ra3 36. Rf5 Ra2+ 37. Kc3 Ra3+ 38. Kd2 Ra2+ 39. Kc1 Rha8 40. Rxf6+ Ke7 41. Rxh6 Rg2 42. Nb4 Ra3 43. Rh7+ Ke6 44. Rh6+ Kf7 45. Rf6+ Ke7 46. Nxc6+ bxc6 47. Rxc6 Raa2 48. Kb1 Rad2 0-1


[Site "https://www.chess.com"]

[Event "Titled Tuesday Blitz July 20 2021"]
[White "Odegov, Artem"]
[Black "Bures, Vit"]
[WhiteFideId "34183644"]
[BlackFideId "309052"]
[WhiteElo "2288"]
[BlackElo "2131"]
[Result "1-0"]
[Round "10"]
[TimeControl "180+1"]
[Date "2021.07.21"]
[WhiteClock "0:01:11"]
[BlackClock "0:00:03"]

1. d4 d5 2. c4 c6 3. Nf3 Nf6 4. Nc3 e6 5. Bg5 dxc4 6. e4 b5 7. Be2 h6 8. Bh4 Nbd7 9. O-O Be7 10. Qc2 Bb7 11. Rad1 O-O 12. Rfe1 Re8 13. Bf1 Qb6 14. Qc1 c5 15. d5 exd5 16. exd5 Bd6 17. a4 b4 18. Nb5 Bb8 19. Rxe8+ Nxe8 20. Re1 Nef6 21. Bxf6 Nxf6 22. Ne5 Bxe5 23. Rxe5 a6 24. Bxc4 axb5 25. axb5 Qa7 26. Re1 Rd8 27. d6 Qa8 28. f3 Rxd6 29. Re7 Rd8 30. Rxf7 Kh8 31. Rxf6 gxf6 32. Qxh6# 1-0


[Site "https://www.chess.com"]

[Event "Titled Tuesday Blitz July 20 2021"]
[White "Oliveira, Silvio Eduardo"]
[Black "Tsaruk, Maksim"]
[WhiteFideId "2111560"]
[BlackFideId "13511173"]
[WhiteElo "2302"]
[BlackElo "2184"]
[Result "0-1"]
[Round "10"]
[TimeControl "180+1"]
[Date "2021.07.21"]
[WhiteClock "0:00:11"]
[BlackClock "0:00:04"]

1. e4 e6 2. d4 d5 3. Nc3 Bb4 4. exd5 exd5 5. Bd3 Ne7 6. Nf3 Nbc6 7. O-O Bxc3 8. bxc3 Bf5 9. Rb1 b6 10. Re1 Qd7 11. Ba3 Bxd3 12. Qxd3 O-O 13. Ng5 g6 14. Qf3 f6 15. Ne6 Rf7 16. Nf4 g5 17. Nh5 Qf5 18. Bxe7 Nxe7 19. Nxf6+ Rxf6 20. Rxe7 Qxf3 21. gxf3 Rc6 22. Rbe1 Rf8 23. R1e5 h6 24. Rxd5 Rf7 25. Re3 Kg7 26. Kg2 Rc4 27. h4 Ra4 28. hxg5 Rxa2 29. gxh6+ Kxh6 30. f4 Rxc2 31. Rg3 Rxf4 32. Rd8 Rfxf2+ 33. Kh3 Rh2+ 34. Kg4 Rhg2 35. Rh8+ Kg7 36. Rh3 Rxg3+ 37. Rxg3 Kf7 38. Kf5 a5 39. d5 a4 40. Ke5 a3 41. c4 a2 42. Ra3 Ke7 43. Ra7 Kd7 44. d6 Rxc4 45. dxc7 Rc5+ 46. Kd4 Ra5 0-1


[Site "https://www.chess.com"]

[Event "Titled Tuesday Blitz July 20 2021"]
[White "Onufrienko, Vladislav"]
[Black "Saravana, Krishnan P."]
[WhiteFideId "13804332"]
[BlackFideId "5018382"]
[WhiteElo "1661"]
[BlackElo "2245"]
[Result "1-0"]
[Round "10"]
[TimeControl "180+1"]
[Date "2021.07.21"]
[WhiteClock "0:00:37"]
[BlackClock "0:00:20"]

1. e4 e6 2. d4 d5 3. Nc3 Bb4 4. e5 c5 5. Qg4 Kf8 6. a3 Ba5 7. b4 cxd4 8. Nb5 Bc7 9. Nf3 Bd7 10. Nbxd4 Nc6 11. Nxc6 bxc6 12. Bd3 Ne7 13. O-O Ng6 14. Re1 Qb8 15. Be3 Kg8 16. Bd4 a5 17. bxa5 c5 18. Bxc5 Nxe5 19. Nxe5 Bxe5 20. Rab1 Qc7 21. Bb6 Qd6 22. h3 Bf6 23. Qb4 Qc6 24. a4 Bc3 25. Bb5 Bxb4 26. Bxc6 Bxc6 27. Rxb4 h6 28. c4 Kh7 29. cxd5 Bxd5 30. Rc1 Rhc8 31. Rxc8 Rxc8 32. a6 Kg6 33. a7 Kf5 34. Bd4 e5 35. Be3 f6 36. Rb8 Rc1+ 37. Bxc1 1-0


[Site "https://www.chess.com"]

[Event "Titled Tuesday Blitz July 20 2021"]
[White "Orantes Taboada, Francisco"]
[Black "Perez Rodriguez, Luis Manuel"]
[WhiteFideId "22274758"]
[BlackFideId "3503364"]
[WhiteElo "2073"]
[BlackElo "2429"]
[Result "0-1"]
[Round "10"]
[TimeControl "180+1"]
[Date "2021.07.21"]
[WhiteClock "0:00:14"]
[BlackClock "0:00:45"]

1. Nf3 d5 2. d4 Nf6 3. g3 g6 4. Bg2 Bg7 5. c4 c6 6. Nc3 O-O 7. Qb3 dxc4 8. Qxc4 b5 9. Qd3 b4 10. Nd1 Ba6 11. Qc2 Nbd7 12. O-O Rc8 13. Re1 c5 14. dxc5 Nxc5 15. Qd2 Qb6 16. Qf4 b3 17. a3 Rfd8 18. Nc3 Ne6 19. Qe3 Qa5 20. Bd2 Qh5 21. h4 Bb7 22. Qxa7 Rd7 23. Qb6 Ng4 24. Be3 Rc6 25. Qa7 Rxc3 26. bxc3 Bxf3 27. Bxf3 Rxa7 28. Bxa7 Bxc3 29. Rab1 Bxe1 30. Rxe1 Qf5 31. Rc1 b2 32. Rc8+ Kg7 33. Kg2 0-1


[Site "https://www.chess.com"]